 Dungeon Crawl Stone Soup version 0.27-a0-385-g3208abaabc (webtiles) character file.

Game seed: 8181217864616596547

9814 jasper the Covert (level 11, -4/49 HPs)
             Began as a Spriggan Enchanter on Feb 19, 2021.
             Was a High Priest of Cheibriados.
             Slain by a death yak (16 damage)
             ... on level 9 of the Dungeon.
             The game lasted 00:19:03 (13976 turns).

jasper the Covert (Spriggan Enchanter)             Turns: 13976, Time: 00:19:04

Health: -4/49      AC:  5    Str: 15    XL:     11   Next: 28%
Magic:  10/18      EV: 38    Int: 31    God:    Cheibriados [*****.]
Gold:   658        SH:  0    Dex: 27    Spells: 2/16 levels left

rFire    . . .     SeeInvis +   m - +2 dagger (drain)
rCold    + . .     Faith    .   (shield restricted)
rNeg     . . .     Spirit   .   C - +0 steam dragon scales
rPois    .         Reflect  .   (helmet restricted)
rElec    .         Harm     .   (no cloak)
rCorr    .         Rampage  .   (gloves unavailable)
Will     +....                  (boots unavailable)
Stlth    ++++++....             (no amulet)
HPRegen  0.16/turn              l - ring of protection from cold
MPRegen  0.16/turn              A - +4 ring of evasion

@: confusing touch, very slow
A: very small, unfitting armour, see invisible, speed 3
a: Renounce Religion, Bend Time, Temporal Distortion, Slouch, Step From Time


You were on level 9 of the Dungeon.
You worshipped Cheibriados.
Cheibriados was extremely pleased with you.
You visited 2 branches of the dungeon, and saw 11 of its levels.

You collected 697 gold pieces.
You spent 39 gold pieces at shops.

Inventory:

Hand Weapons
 a - a +1 dagger
 m - a +2 dagger of draining (weapon)
Armour
 b - a +0 robe
 C - +0 steam dragon scales (worn)
Magical Staves
 D - a staff of earth
Jewellery
 h - a ring of willpower
 l - a ring of protection from cold (left hand)
 n - a ring of see invisible
 A - a +4 ring of evasion (right hand)
 J - a ring of magical power
Wands
 u - a wand of charming (11)
 y - a wand of digging (1)
 G - a wand of flame (21)
 K - a wand of iceblast (2)
Scrolls
 c - 5 scrolls of amnesia {unknown}
 d - 4 scrolls of enchant weapon {unknown}
 k - 3 scrolls of magic mapping {unknown}
 o - 5 scrolls of immolation
 r - a scroll of enchant armour {unknown}
 t - 3 scrolls of random uselessness {unknown}
 v - 3 scrolls of blinking {unknown}
 x - 7 scrolls of identify
 z - 2 scrolls of fear {unknown}
 B - 5 scrolls of teleportation {unknown}
Potions
 e - 3 potions of lignification
 f - a potion of resistance
 g - 2 potions of degeneration
 i - a potion of might
 j - a potion of curing
 p - 3 potions of flight
 q - 2 potions of magic {unknown}
 s - 4 potions of heal wounds {unknown}
 w - 4 potions of mutation {unknown}
 E - 2 potions of berserk rage {unknown}
 F - a potion of attraction {unknown}
 H - a potion of cancellation {unknown}
 I - 2 potions of brilliance {unknown}


   Skills:
 + Level 1.4 Fighting
 - Level 8.1 Short Blades
 + Level 11.1 Dodging
 * Level 13.7 Stealth
 - Level 3.0 Spellcasting
 - Level 7.0 Hexes
 - Level 3.2 Translocations
 - Level 2.0 Ice Magic
 - Level 8.4 Invocations


You had 2 spell levels left.
You knew the following spells:

 Your Spells              Type           Power        Failure   Level
a - Corona                Hex            53%          1%          1
b - Ensorcelled Hibernat  Hex/Ice        64%          1%          2
c - Confusing Touch       Hex            48%          1%          3
d - Tukima's Dance        Hex            48%          1%          3
e - Blink                 Tloc           N/A          2%          2
f - Mephitic Cloud        Conj/Pois/Air  4%           21%         3

Your spell library contained the following spells:

 Spells                   Type           Power        Failure   Level
 Slow                     Hex            48%          1%          2
 Magic Dart               Conj           16%          7%          1
 Call Imp                 Summ           4%           10%         2
 Dazzling Flash           Conj/Hex       52%          4%          3
 Conjure Flame            Conj/Fire      4%           21%         3


Dungeon Overview and Level Annotations

Branches:
Dungeon (10/15)            Temple (1/1) D:5            Lair (0/6) D:10
    Orc (0/2) D:9

Altars:
Ashenzari
Cheibriados
Dithmenos
Elyvilon
Fedhas
Gozag
Hepliaklqana
Kikubaaqudgha
Makhleb
Nemelex Xobeh
Okawaru
Qazlal
Ru
Sif Muna
Trog
Uskayaw
Vehumet
Wu Jian
Xom
Yredelemnul
Zin
The Shining One
Beogh

Shops:
D:4 *

Annotations:
D:4 exclusion: door


Innate Abilities, Weirdness & Mutations

You are very small and have problems with some larger weapons.
You are too small for most types of armour.
You have supernaturally acute eyesight. (SInv)
You cover ground extremely quickly.


Message History

Press: ? - help, Shift-Dir - straight line, f/p - death yak
Aim: a death yak (lightly wounded)
The mass of ice explodes!
The iceblast engulfs the death yak!
The death yak is moderately wounded.
The iceblast engulfs the death yak!!
The death yak is moderately wounded.
The death yak bellows!
Aiming: Ensorcelled Hibernation (safe; 1% risk of failure)
Press: ? - help, Q - select action, (/) - cycle Shift-Dir - straight line, f/p - death yak
Aim: a death yak (moderately wounded, chance to affect: 5%)
The death yak resists with almost no effort.
The death yak gores you.
The sky beast flickers out of sight for a moment.
You take 3 damage, and have 46/49 hp.
You now have 15/18 mp.
Casting: Ensorcelled Hibernation (safe; 1% risk of failure)
Confirm with . or Enter, or press ? or * to list all spells.
Your hands begin to glow red.
You now have 12/18 mp.
You barely miss the death yak.
The death yak is moderately wounded.
The death yak completely misses you. The death yak gores you!!
Ouch! That really hurt!
The death yak barely misses you.
You climb upwards.
There is a stone staircase leading down, spattered with blood here.
You take 27 damage, and have 19/49 hp.
MASSIVE DAMAGE!!
You hit the death yak but do no damage.
The death yak appears confused.
The death yak is moderately wounded.
Casting: Confusing Touch (safe; 1% risk of failure)
Confirm with . or Enter, or press ? or * to list all spells.
Your hands begin to glow red.
The death yak gores you but does no damage.
You now have 10/18 mp.
You hit the death yak but do no damage.
The death yak is moderately wounded.
The death yak gores you!
* * * LOW HITPOINT WARNING * * *
The death yak gores you!
You die...

##..###.....##....###.# ###
#..###.<#.......#..####
#.####..#.>.###.........#.#
#.............[....#....#.##
##.#..#......)....####.#...#
#.####....####..## #.#.###
######....## ##.# #.###
##..#......# #.## ##..#
#.##.....Y@## ##.# #..##
#####.....Y.## #.###..#
#.#......###..#...##
#.##....#..........# ##
###.###..#####......####.
##..#.##..# ###......##.
#.####...## ##..#....... #.#
##...# ##.####.#####
#####....## ##.## #.## #


You could see 2 death yaks.

Vanquished Creatures
  2 two-headed ogres (D:9)
  An unseen horror (D:9)
  The ghost of SkiChan the Shield-Bearer, a novice MiFi (D:6)
  Maggie (D:7)
  A komodo dragon (D:8)
  A hornet (D:8)
  Grinder (D:3)
  The ghost of Xavori the Sneak, an amateur OpCK of Xom (D:4)
  The ghost of foci the Chopper, an amateur GrFi (D:3)
  A shadow (D:8)
  A vampire (D:10)
  5 yaks (D:9)
  2 wyverns
  Menkaure (D:7)
  5 orc warriors
  2 sky beasts
  3 black bears
  3 ice beasts
  5 ogres
  2 eyes of draining
  A necrophage (D:7)
  2 centaurs
  2 phantoms
  3 bullfrogs
  3 gnoll sergeants (D:8)
  3 scorpions
  A wyvern skeleton (D:10)
  5 killer bees (D:10)
  A howler monkey (D:6)
  3 jellies
  2 centaur zombies
  6 orc priests
  10 hounds
  3 gnoll shamans
  A centaur skeleton (D:5)
  5 iguanas
  Ijyb (D:4)
  Terence (D:2)
  8 orc wizards
  6 worker ants
  A hound zombie (D:10)
  2 worker ant zombies
  Robin (D:2)
  21 adders
  32 gnolls
  A shadow imp (D:6)
  6 white imps
  3 ufetubi
  5 adder skeletons
  7 worms
  The ghost of Snicker the Sneak, a weakling DsDe (D:6)
  4 leopard geckos
  31 orcs
  5 bats
  4 giant cockroaches
  18 goblins
  14 hobgoblins
  9 jackals
  4 quokkas
  5 ball pythons
  7 frilled lizards
  11 kobolds
  A quokka skeleton (D:7)
  9 rats
309 creatures vanquished.

Vanquished Creatures (others)
  8 plants (D:8)
8 creatures vanquished.

Grand Total: 317 creatures vanquished

Notes
Turn   | Place    | Note
-------+----------+-------------------------------------------
     0 | D:1      | jasper the Spriggan Enchanter began the quest for the Orb.
     0 | D:1      | Reached XP level 1. HP: 9/9 MP: 5/5
   617 | D:2      | Reached XP level 2. HP: 13/13 MP: 7/7
   620 | D:2      | Learned a level 2 spell: Ensorcelled Hibernation
   764 | D:2      | Reached skill level 5 in Stealth
   764 | D:2      | Reached XP level 3. HP: 16/16 MP: 5/8
  1050 | D:2      | Noticed Terence
  1056 | D:2      | Killed Terence
  1057 | D:2      | Reached XP level 4. HP: 21/21 MP: 6/9
  1061 | D:2      | Learned a level 3 spell: Confusing Touch
  1065 | D:2      | Learned a level 3 spell: Tukima's Dance
  1318 | D:2      | Noticed Robin
  1452 | D:3      | Reached skill level 1 in Ice Magic
  1457 | D:3      | Found a shadowy altar of Dithmenos.
  1927 | D:3      | Reached XP level 5. HP: 24/24 MP: 2/10
  2124 | D:4      | Noticed Ijyb
  2144 | D:4      | Killed Ijyb
  2311 | D:4      | Found a runed translucent door.
  2407 | D:4      | Reached skill level 6 in Stealth
  2536 | D:4      | Found Metismy's Assorted Antiques.
  2540 | D:4      | Bought a fuming white potion for 18 gold pieces
  2545 | D:4      | Bought a scroll labelled USEVAZ ZOVENK for 21 gold pieces
  2558 | D:4      | Found a shimmering blue altar of Sif Muna.
  2604 | D:5      | Entered Level 5 of the Dungeon
  2614 | D:5      | Found a blossoming altar of Fedhas.
  2734 | D:5      | Found a staircase to the Ecumenical Temple.
  2754 | Temple   | Entered the Ecumenical Temple
  2913 | Temple   | Became a worshipper of Cheibriados the Contemplative
  2943 | D:5      | Reached XP level 6. HP: 28/28 MP: 0/11
  3160 | D:5      | Found an ornate altar of the Wu Jian Council.
  3166 | D:5      | Found an ancient bone altar of Kikubaaqudgha.
  3462 | D:5      | Reached skill level 5 in Hexes
  4105 | D:6      | Reached skill level 5 in Dodging
  4105 | D:6      | Reached skill level 1 in Invocations
  4105 | D:6      | Reached XP level 7. HP: 32/32 MP: 5/12
  4189 | D:6      | Reached skill level 7 in Stealth
  4302 | D:6      | Found a runed translucent gate.
  4302 | D:6      | Found a runed translucent gate.
  4303 | D:6      | Found a runed translucent gate.
  4305 | D:6      | Noticed Snicker's ghost (weakling DsDe)
  4305 | D:6      | Noticed SkiChan's ghost (novice MiFi)
  4422 | D:6      | Found an opulent altar of Gozag.
  4452 | D:6      | Found a glowing silver altar of Zin.
  5095 | D:7      | Noticed Menkaure
  5108 | D:7      | Killed Menkaure
  5522 | D:7      | Reached skill level 8 in Stealth
  5522 | D:7      | Reached XP level 8. HP: 36/36 MP: 10/13
  5814 | D:7      | Noticed Maggie
  5824 | D:7      | Killed Maggie
  5825 | D:7      | Reached skill level 5 in Short Blades
  6040 | D:7      | Found a bloodstained altar of Trog.
  6185 | D:7      | Reached skill level 9 in Stealth
  6422 | D:7      | Found a blossoming altar of Fedhas.
  6780 | D:7      | Reached XP level 9. HP: 36/39 MP: 3/14
  7248 | D:8      | Reached skill level 10 in Stealth
  7277 | D:8      | Reached * piety under Cheibriados
  7396 | D:8      | Reached skill level 5 in Invocations
  7636 | D:8      | Learned a level 2 spell: Blink
  7719 | D:8      | Reached skill level 1 in Translocations
  7984 | D:8      | Noticed a komodo dragon
  8037 | D:8      | Killed a komodo dragon
  9290 | D:2      | Reached ** piety under Cheibriados
  9295 | D:2      | Reached skill level 11 in Stealth
  9312 | D:2      | Killed Robin
  9598 | D:2      | Found a stormy altar of Qazlal.
  9784 | D:2      | Found a broken altar of Ashenzari.
  9877 | D:3      | Noticed foci's ghost (amateur GrFi)
  9878 | D:3      | Found a transporter.
  9888 | D:3      | Found a transporter.
  9912 | D:3      | Killed foci's ghost
  9920 | D:3      | Reached XP level 10. HP: 44/44 MP: 7/15
 10323 | D:3      | Noticed Grinder
 10339 | D:3      | Killed Grinder
 10610 | D:3      | Reached *** piety under Cheibriados
 11096 | D:4      | Noticed Xavori's ghost (amateur OpCK)
 11102 | D:4      | Killed Xavori's ghost
 11217 | D:6      | Killed Snicker's ghost
 11224 | D:6      | Killed SkiChan's ghost
 11367 | D:9      | Noticed a two-headed ogre
 11369 | D:9      | Killed a two-headed ogre
 11370 | D:9      | Reached skill level 12 in Stealth
 11502 | D:9      | Noticed a two-headed ogre
 11507 | D:9      | Killed a two-headed ogre
 11508 | D:9      | Reached skill level 10 in Dodging
 11897 | D:9      | Reached **** piety under Cheibriados
 12065 | D:9      | Found a staircase to the Orcish Mines.
 12449 | D:9      | Found a roughly hewn altar of Beogh.
 12467 | D:9      | Reached XP level 11. HP: 19/47 MP: 5/18
 13308 | D:10     | Entered Level 10 of the Dungeon
 13308 | D:10     | Found a staircase to the Lair.
 13308 | D:10     | Noticed a death yak
 13308 | D:10     | Noticed a death yak
 13308 | D:10     | Noticed an unseen horror
 13311 | D:10     | Noticed a death yak
 13320 | D:9      | Killed an unseen horror
 13321 | D:9      | Reached skill level 13 in Stealth
 13366 | D:10     | Learned a level 3 spell: Mephitic Cloud
 13694 | D:10     | Reached skill level 1 in Fighting
 13810 | D:10     | Reached ***** piety under Cheibriados
 13959 | D:10     | Noticed a death yak
 13961 | D:10     | Noticed a death yak
 13962 | D:10     | Noticed a death yak
 13962 | D:10     | Noticed a death yak
 13964 | D:10     | Noticed a death yak
 13976 | D:9      | Slain by a death yak

Illustrated notes

Levels and vault maps discovered:
D:1:      dpeg_arrival_refuge, layout_loops_corners
D:2:      layout_loops_corners, nicolae_overflow_hidden_temple,
          nicolae_qazlal_eye_of_the_storm, uniq_terence, uniq_robin
D:3:      layout_loops_ring, grunt_dithmenos_smoke, gammafunk_ghost_smash,
          minmay_snake_closets, uniq_grinder
D:4:      layout_rooms, led_sif_book, ebering_ghost_inner_flame, serial_shops,
          nicolae_shop_stone, uniq_ijyb
D:5:      layout_basic, overflow_temple_1_default, grunt_temple_overflow_open,
          minmay_temple_entry_slanted
D:6:      layout_basic, pdpol_temple_overflow_zin_treasury_gozag_greed,
          gammafunk_ghost_cemetery
D:7:      minmay_razor_zed, layout_basic, trog_ov_bears_minmay, minivault_19,
          fedhas_ov_isle_minmay, uniq_menkaure, uniq_maggie
D:8:      layout_cave_pools, serial_gnoll_camp, gnoll_camp_mini_loothouse,
          gnoll_camp_mini_hut, gnoll_camp_huts_basic, gnoll_camp_mini_sergeant,
          st_stairs_7, minmay_lizard_king
D:9:      layout_layer_cave, minmay_orc_entry_temple_large
D:10:     layout_cave_pools, dpeg_lair_monsters, hangedman_decor_lopped,
          grunt_ministairs_11, yredelemnul_altar_generic
Temple:   minmay_temple_bridge_abc

Skill      XL: |  1  2  3  4  5  6  7  8  9 10 11 |
---------------+----------------------------------+-----
Dodging        | 3 4 5 6 7 9 10 11 | 11.1
Spellcasting   | 3 |  3.0
Stealth        | 5 6 8 9 11 12 13 | 13.7
Hexes          | 4 5 6 7 |  7.0
Short Blades   | 2 3 4 5 7 8 |  8.1
Ice Magic      | 1 2 |  2.0
Invocations    | 1 2 4 5 8 |  8.4
Translocations | 3 |  3.2
Fighting       | 1 |  1.4

Action                   |  1- 3 |  4- 6 |  7- 9 | 10-12 || total
-------------------------+-------+-------+-------+-------++-------
Melee: Dagger            |    45 |   105 |   313 |   197 ||   660
 Cast: Corona            |     6 |       |       |       ||     6
       Ensorcelled Hiber |     9 |    59 |    73 |    67 ||   208
       Confusing Touch   |       |     3 |    10 |    12 ||    25
Invok: Slouch            |       |       |       |     1 ||     1
Evoke: Wand              |       |       |    11 |     6 ||    17
  Use: Scroll            |       |     6 |       |       ||     6
       Potion            |       |       |       |     5 ||     5
 Stab: Sleeping          |    10 |    37 |    82 |    72 ||   201
       Confused          |       |     4 |     9 |    12 ||    25
       Distracted        |       |       |     1 |       ||     1
Armor: Robe              |       |     2 |     5 |       ||     7
       Steam dragon scal |       |       |    16 |     6 ||    22
Dodge: Dodged            |    23 |    82 |   274 |   150 ||   529

Table legend: (Time is in decaauts)
 A = Elapsed time spent in this place.
 B = Non-inter-level travel time spent in this place.
 C = Inter-level travel time spent in this place.
 D = Time resting spent in this place.
 E = Time spent auto-exploring this place.
 F = Levels seen in this place.
 G = Mean time per level.
                   A        B        C        D        E       F      G
               +--------+--------+--------+--------+--------+-----+--------+
         Total |  13769 |  13086 |    683 |   1136 |  10011 |  11 | 1251.7 |
       Dungeon |  13520 |  12853 |    667 |    936 |   9984 |  10 | 1352.0 |
        Temple |    249 |    233 |     16 |    200 |     27 |   1 |  249.0 |
               +--------+--------+--------+--------+--------+-----+--------+

Top non-repeatable levels by time:
     D:9: 2412 daAuts
     D:2: 1799 daAuts
     D:3: 1681 daAuts
     D:7: 1680 daAuts
     D:8: 1659 daAuts
     D:5: 1096 daAuts
     D:1: 895 daAuts
     D:4: 810 daAuts
     D:6: 808 daAuts
    D:10: 677 daAuts
  Temple: 249 daAuts
